 Seeded DCSS version 0.30.1-11-g7821555f0a (webtiles) character file.

Game seed: 5 (custom seed)

345 Kazon the Ducker (level 6, -2/46 HPs)
             Began as a Vampire Gladiator on Dec 6, 2023.
             Was an Initiate of Makhleb.
             Slain by a black bear (3 damage)
             ... on level 4 of the Dungeon.
             The game lasted 00:07:37 (2300 turns).

Kazon the Ducker (Vampire Gladiator)                Turns: 2300, Time: 00:07:37

Health: -2/46      AC:  4    Str: 13    XL:     6   Next: 32%
Magic:  16/16      EV:  8    Int: 11    God:    Makhleb [......]
Gold:   163        SH: 17    Dex: 15    Spells: 5/5 levels left

rFire   . . .        r - +2 dagger (vamp)
rCold   + + .        c - +0 tower shield
rNeg    + . .        b - +0 leather armour
rPois   .            j - +0 helmet
rElec   .            (no cloak)
rCorr   .            (no gloves)
SInv    +            (no boots)
Will    .....        f - amulet "Ypejum" {Reflect rC++ rN+ Regen+ Dex-2 SH+5 Stlth+}
Stlth   +++          s - ring of magical power
HPRegen 1.27/turn    (no ring)
MPRegen 0.15/turn

%: reflection
@: healing quickly
A: alive, fangs 3, see invisible, vampiric 2
a: Exsanguinate, Renounce Religion


You were on level 4 of the Dungeon.
You worshipped Makhleb.
Makhleb was noncommittal.
You visited 2 branches of the dungeon, and saw 5 of its levels.

You collected 163 gold pieces.

Inventory:

Hand Weapons
 a - a +0 long sword
 r - a +2 vampiric dagger (weapon)
 w - a +0 war axe
Missiles
 d - 3 throwing nets
 e - a javelin
 g - 15 stones (quivered)
 k - 3 boomerangs
 t - 5 poisoned darts
Armour
 b - a +0 leather armour (worn)
 c - a +0 tower shield (worn)
 j - a +0 helmet (worn)
Jewellery
 f - the amulet "Ypejum" (around neck) {Reflect rC++ rN+ Regen+ Dex-2 SH+5 Stlth+}
   (You acquired it on level 1 of the Dungeon)

   [amulet of reflection]

   It reflects blocked missile attacks.
   Dex:       It affects your dexterity (-2).
   rC:        It greatly protects you from cold.
   rN:        It protects you from negative energy.
   Regen:     It increases your rate of health regeneration.
   SH:        It affects your SH (+5).
   Stlth:     It makes you more stealthy.
 s - a ring of magical power (left hand)
Scrolls
 h - a scroll of fog {unknown}
 m - a scroll of blinking {unknown}
 n - a scroll of teleportation {unknown}
 o - 2 scrolls of identify {unknown}
 p - a scroll of summoning {unknown}
 q - a scroll of magic mapping {unknown}
 y - a scroll of torment {unknown}
Potions
 i - a potion of resistance {unknown}
 l - 3 potions of curing {unknown}
 u - a potion of flight {unknown}
 v - a potion of berserk rage {unknown}
 x - a potion of invisibility {unknown}


   Skills:
 + Level 2.4 Fighting
 + Level 1.4(3.1) Short Blades
 + Level 4.0(4.1) Long Blades
 + Level 1.8 Throwing
 + Level 1.1 Armour
 + Level 4.4 Dodging
 + Level 3.0 Stealth
 + Level 2.0 Shields
 * Level 1.5 Invocations


You had 5 spell levels left.
You didn't know any spells.
Your spell library contained the following spells:

 Spells                   Type           Power      Damage    Failure   Level
 Frozen Ramparts          Ice            0%         1d1       100%        3
 Ice Form                 Ice/Tmut       0%         N/A       100%        4
 Summon Ice Beast         Ice/Summ       0%         N/A       100%        4


Dungeon Overview and Level Annotations

Branches:
Dungeon (4/15)             Temple (1/1) D:4

Altars:
Fedhas
Gozag
Makhleb
Qazlal
Wu Jian


Innate Abilities, Weirdness & Mutations

Your natural rate of healing is accelerated.
You have razor-sharp teeth.
You have supernaturally acute eyesight. (SInv)
You are afflicted with vampirism and can become a bat while bloodless.


Message History

The black bear claws you but does no damage.
You block the black bear's attack. The black bear barely misses you. x2
You block the black bear's attack.
You hit the black bear but do no damage.
The black bear is severely wounded.
The black bear completely misses you. You block the black bear's attack. x2
The black bear bites you! The black bear claws you.
The black bear barely misses you.
You hit the black bear but do no damage.
The black bear is severely wounded.
The black bear bites you.
The black bear claws you but does no damage.
You block the black bear's attack. The black bear bites you!
The black bear claws you. x2
* * * LOW HITPOINT WARNING * * *
You hit the black bear.
You feel better.
The black bear is severely wounded.
You block the black bear's attack. The black bear claws you.
* * * LOW HITPOINT WARNING * * *
The black bear claws you.
* * * LOW HITPOINT WARNING * * *
You block the black bear's attack. The black bear claws you.
* * * LOW HITPOINT WARNING * * *
You block the black bear's attack.
You hit the black bear.
The black bear is almost dead.
The black bear bites you but does no damage.
You block the black bear's attack.
The black bear claws you but does no damage.
The black bear barely misses you. x2; The black bear claws you.
* * * LOW HITPOINT WARNING * * *
The black bear bites you.
* * * LOW HITPOINT WARNING * * *
You block the black bear's attack.
The black bear claws you but does no damage.
The black bear attacks as you move away!
The black bear bites you.
* * * LOW HITPOINT WARNING * * *
The black bear closely misses you. The black bear claws you.
You die...

#...............................
#########......###..##.######.##
##......###..## ######.##
#####.....>......... ...#.##
#................##.####.#.##
#......###..##...##..........
#......#.....................
#......###..##.#...)##.#.#.#.
#......# #.h@................
#......# #.###.#.##.##.#.#...
#......# #.# # # #.#.###.
#......# #)# # #..# .
...###+####.# #.##.##.
.......o...## .##.##....
..h.o....# .......).. ..o......#
.##.#.#.#. .........# ..........


You could see a black bear (berserk).

Vanquished Creatures
  Sigmund (D:4)
  A scorpion (D:4)
  4 adders
  3 worms
  6 orcs
  4 bats
  9 endoplasms
  A giant cockroach (D:1)
  12 goblins
  7 hobgoblins
  11 jackals
  3 kobolds
  5 ball pythons
  3 frilled lizards
  4 rats
74 creatures vanquished.

Notes
Turn   | Place    | Note
-------+----------+-------------------------------------------
     0 | D:1      | Kazon the Vampire Gladiator began the quest for the Orb.
     0 | D:1      | Reached XP level 1. HP: 16/16 MP: 1/1
    54 | D:1      | Identified a scroll of acquirement
    54 | D:1      | Acquired the amulet "Ypejum" {Reflect rC++ rN+ Regen+ Dex-2
                  | SH+5 Stlth+}
    91 | D:1      | Reached XP level 2. HP: 22/22 MP: 2/2
   572 | D:1      | Gained mutation: You are afflicted with vampirism and can
                  | become a bat while bloodless. [Vampire growth]
   572 | D:1      | Reached XP level 3. HP: 26/27 MP: 3/3
  1055 | D:2      | Reached XP level 4. HP: 33/33 MP: 4/4
  1061 | D:2      | Reached skill level 1 in Shields
  1499 | D:2      | You fall into a shaft and drop 1 floor!
  1509 | D:3      | Identified the +2 sling "Qeuhanocyt" {speed, rElec Str-3
                  | Dex+2}
  1687 | D:3      | Found a blossoming altar of Fedhas.
  1710 | D:3      | Reached skill level 1 in Stealth
  1862 | D:3      | Found a stormy altar of Qazlal.
  1962 | D:3      | Found a faded altar of an unknown god.
  2067 | D:4      | Found a staircase to the Ecumenical Temple.
  2075 | Temple   | Entered the Ecumenical Temple
  2091 | Temple   | Became a worshipper of Makhleb the Destroyer
  2143 | D:4      | Noticed a scorpion
  2156 | D:4      | Killed a scorpion
  2157 | D:4      | Reached XP level 5. HP: 39/39 MP: 5/5
  2188 | D:4      | Noticed Sigmund
  2195 | D:4      | Killed Sigmund
  2196 | D:4      | Reached skill level 1 in Short Blades
  2196 | D:4      | Reached skill level 1 in Armour
  2196 | D:4      | Reached skill level 1 in Invocations
  2196 | D:4      | Reached XP level 6. HP: 46/46 MP: 7/7
  2300 | D:4      | HP: 1/46 [black bear (5)]
  2300 | D:4      | Slain by a black bear

Illustrated notes

Levels and vault maps discovered:
D:1:      ebering_trefoil_3fold, layout_basic, st_stairs_14, serial_bayou_ford_a
D:2:      layout_basic, hangedman_decor_growths, minmay_close_crescents
D:3:      layout_rooms, mainiacjoe_overflow_concentric_impassable,
          mainiacjoe_overflow_paths, shapermc_ecumenical_altar_acropolis,
          chequers_serial_rivers_micro_b
D:4:      layout_basic, riverfiend_overflow_shadow_ancestor,
          minmay_temple_entry_glass, uniq_sigmund
Temple:   nicolae_temple_elliptical

Skill      XL: |  1  2  3  4  5 |
---------------+----------------+-----
Fighting       | 2 |  2.4
Dodging        | 4 |  4.4
Shields        | 1 2 |  2.0
Stealth        | 1 3 |  3.0
Short Blades   | 1 |  1.4
Long Blades    | 4 |  4.0
Armour         | 1 |  1.1
Invocations    | 1 |  1.5
Throwing       | |  1.8

Action                     |  1- 3 |  4- 6 || total
---------------------------+-------+-------++-------
  Melee: Long sword        |   133 |    56 ||   189
         Bite              |    12 |    17 ||    29
         Dagger            |       |   106 ||   106
  Throw: Stone             |       |     1 ||     1
    Use: Scroll            |     2 |       ||     2
         Potion            |     1 |       ||     1
   Stab: Sleeping          |     3 |     7 ||    10
 Armour: Leather armour    |    35 |    31 ||    66
  Dodge: Dodged            |    63 |    48 ||   111
  Block: Tower shield      |    71 |   159 ||   230
         Other             |     4 |       ||     4
